Map: Ulrena

Players

SticklerMac - Winner!

  • Race: Zerg Zerg
  • League: Gold

ClutchZilla

  • Race: Zerg Zerg

VOD

Have the link to the VOD?

Description

Time

  • Played on: Nov. 10, 2015, 12:18 p.m.
  • Length: 15:13
Show
View Real Time Build Order
Export as new Build Order

SticklerMac Zerg - Winner!

Build Orders: Hatch First, Zergling Baneling 

Get SALT Encoding   

  12  0:00  Drone  
  13  0:09  Drone  
  14  0:18  Overlord  
  14  0:36  Drone x3  
  17  0:54  Hatchery  
  17  0:56  Drone  
  17  1:01  Extractor  
  17  1:02  Drone  
  17  1:16  Spawning Pool  
  16  1:20  Drone  
  16  1:25  Drone  
  18  1:32  Drone  
  19  1:43  Overlord  
  19  1:54  Drone  
  20  2:03  Drone  
  20  2:05  Queen  
  20  2:06  Metabolic Boost  
  23  2:09  Queen  
  24  2:23  Zergling x2  
  24  2:24  Zergling x4  
  24  2:28  Zergling x2  
  27  2:30  Zergling x2  
  27  2:36  Drone  
  29  2:38  Drone  
  30  2:46  Baneling Nest  
  29  3:03  Zergling x2  
  29  3:04  Drone x2  
  29  3:05  Drone  
  33  3:09  Zergling x2  
  34  3:19  Zergling x4  
  36  3:23  Overlord x2  
  33  3:43  Zergling x8  
  33  3:44  Zergling x4  
  38  3:51  Zergling x2  
  39  3:58  Zergling x4  
  37  4:11  Baneling x2  
  37  4:13  Zergling x10  
  37  4:14  Zergling x4  
  37  4:16  Baneling x5  
  43  4:17  Baneling  
  43  4:23  Drone  
  29  4:46  Zergling x10  
  29  4:47  Zergling x4  
  35  4:54  Spine Crawler  
  35  4:57  Zergling x4  
  35  4:59  Zergling x2  
  37  5:03  Zergling x2  
  37  5:06  Queen  
  40  5:10  Zergling x2  
  41  5:15  Zergling x2  
  42  5:23  Baneling x3  
  42  5:24  Zergling x4, Baneling x3  
  40  5:48  Zergling x2, Baneling x4  
  40  5:49  Zergling x10  
  45  5:54  Drone x2  
  46  6:14  Zergling x10  
  46  6:16  Baneling x5  
  51  6:24  Zergling x4  
  48  6:51  Zergling x2  
  48  6:52  Zergling x6  
  52  6:57  Zergling x2  
  52  7:00  Overlord x3  
  49  7:07  Zergling x8  
  43  7:19  Zergling x6  
  43  7:20  Baneling x3  
  43  7:21  Baneling x3  
  45  7:32  Zergling x4  
  45  7:54  Queen x2  
  48  8:08  Zergling x4  
  48  8:09  Zergling x8  
  54  8:16  Spore Crawler x2  
  50  8:20  Spore Crawler  
  50  8:22  Spore Crawler  
  50  8:27  Zergling x6  
  47  8:30  Queen  
  43  8:34  Zergling x2  
  41  8:46  Zergling x6  
  41  8:54  Zergling x2  
  42  8:56  Baneling x6  
  42  8:57  Zergling x2  
  43  9:35  Overlord x2  
  43  9:36  Overlord x2  
  37  9:55  Zergling x10  
  37  9:56  Zergling x10  
  44  10:04  Zergling x6  
  44  10:05  Zergling x4  
  47  10:26  Zergling x4  
  47  10:27  Zergling x4  
  51  10:41  Zergling x4  
  51  10:42  Zergling x10  
  45  11:01  Zergling x10  
  48  11:06  Hatchery  
  48  11:10  Zergling x10  
  51  11:18  Zergling x4  
  44  11:29  Zergling x10  
  49  11:39  Zergling x8  
  53  12:17  Zergling x2  
  53  12:18  Zergling x18  
  57  12:34  Zergling x12  
  57  12:35  Zergling x4  
  46  12:51  Zergling x4  
  41  13:00  Zergling x8  
  40  13:11  Zergling x8  
  36  13:18  Queen  
  29  13:32  Drone  
  30  13:39  Spore Crawler x2  
  28  13:41  Drone x2  
  30  13:49  Drone x2  
  30  13:53  Drone  
  33  13:56  Baneling  
  32  14:15  Spore Crawler  
  28  14:26  Spore Crawler  
  27  14:31  Spore Crawler  
  27  14:33  Spore Crawler  
  27  14:36  Spore Crawler  
  21  14:47  Spore Crawler  
  21  14:50  Spore Crawler  
  21  14:51  Spore Crawler  
  21  14:52  Drone x2  
  20  14:53  Drone x2  
  22  15:00  Spore Crawler  
  22  15:04  Spore Crawler  
Show
View Real Time Build Order
Export as new Build Order

ClutchZilla Zerg 

Build Orders: Pool First 

Get SALT Encoding   

  12  0:01  Drone  
  13  0:08  Drone  
  14  0:17  Overlord  
  14  0:33  Spawning Pool  
  13  0:36  Drone  
  14  0:43  Drone  
  14  0:48  Drone  
  14  0:49  Drone  
  17  1:13  Hatchery  
  16  1:20  Queen  
  16  1:24  Zergling x2  
  19  1:31  Drone, Extractor  
  19  1:33  Drone  
  19  1:37  Drone  
  21  1:49  Overlord  
  21  2:00  Drone  
  22  2:07  Queen  
  24  2:22  Zergling x4  
  26  2:25  Drone  
  27  2:35  Drone x3  
  27  2:36  Metabolic Boost  
  30  2:42  Drone x2  
  32  2:57  Drone x2  
  32  2:58  Baneling Nest  
  32  3:04  Drone x2  
  32  3:05  Drone x2, Overlord  
  36  3:08  Overlord  
  36  3:18  Spine Crawler  
  34  3:21  Spine Crawler, Zergling x2  
  34  3:22  Zergling x2  
  36  3:27  Zergling x4  
  36  3:29  Zergling x2  
  37  3:38  Zergling x4  
  37  3:39  Zergling x4  
  34  3:56  Zergling x8  
  34  3:57  Zergling x4  
  34  3:59  Zergling x2  
  41  4:13  Queen  
  41  4:15  Zergling x8  
  47  4:19  Baneling x2  
  47  4:20  Baneling  
  47  4:21  Baneling  
  47  4:22  Baneling  
  30  4:53  Zergling x14  
  37  5:02  Zergling x2  
  37  5:09  Zergling x2  
  37  5:11  Zergling x2  
  37  5:13  Baneling  
  39  5:14  Baneling x2  
  39  5:23  Zergling x4  
  39  5:24  Zergling x12  
  39  5:28  Lair  
  47  5:31  Zergling x2, Extractor  
  38  5:47  Zergling x4  
  38  5:48  Zergling x2  
  37  5:53  Drone  
  34  6:04  Zergling x6  
  34  6:05  Zergling x6  
  37  6:14  Baneling x2  
  37  6:15  Baneling  
  37  6:16  Zergling x4  
  38  6:26  Drone x2  
  38  6:28  Spire  
  38  6:37  Zergling x10  
  38  6:38  Zergling x4  
  39  6:53  Baneling x3  
  39  6:57  Zergling x6  
  32  7:21  Zergling x8  
  34  7:36  Baneling x2  
  34  7:41  Mutalisk  
  34  7:42  Mutalisk x2  
  34  7:59  Mutalisk  
  36  8:06  Zergling x2  
  36  8:07  Zergling x14  
  34  8:22  Mutalisk  
  34  8:27  Mutalisk  
  30  8:34  Drone x2  
  30  8:39  Drone  
  32  8:44  Mutalisk  
  34  8:57  Drone x5  
  34  8:58  Queen  
  41  9:15  Mutalisk  
  40  9:19  Drone  
  40  9:20  Drone x2  
  43  9:32  Queen  
  43  9:36  Extractor x2  
  43  9:37  Drone  
  44  9:52  Queen  
  44  9:53  Drone x2  
  44  9:54  Drone  
  47  10:01  Drone  
  47  10:02  Drone  
  49  10:08  Drone x3  
  52  10:15  Overlord  
  52  10:22  Overlord  
  52  10:27  Overlord  
  52  10:33  Mutalisk  
  54  10:38  Zergling x2  
  54  10:39  Zergling x4  
  57  10:43  Zergling x4  
  45  10:50  Zergling x4  
  43  11:04  Drone x2  
  40  11:25  Zergling x4  
  42  11:33  Mutalisk  
  44  11:40  Mutalisk  
  46  11:48  Mutalisk  
  46  11:53  Baneling x2  
  48  12:08  Mutalisk x2  
  48  12:13  Drone  
  53  12:24  Mutalisk  
  55  12:33  Mutalisk  
  55  12:34  Mutalisk  
  50  12:41  Drone  
Tags
 
Add a new tag
Caveats
  • Supply blocks, unpowered buildings, or Contaminate may cause inaccurate times.
  • Supply counts are checked every 10 seconds.